SA
DELAWARE 1787 BC @ WASHINGTON GENERALS
08/11/2042
 
TOP OF THE 1ST
Delaware 1787 BC batting - Pitching for Washington Generals : RHP Joe Kelly
Pitching: RHP Joe Kelly
Batting: LHB Jeff Booth 0-0: Ball
1-0: Foul Ball, location: 2F
1-1: Foul Ball, location: 2F
1-2: Ground out 4-3 (Groundball, 4S, EV 86.9 MPH)
Batting: LHB Luis Concepción 0-0: Foul Ball, location: 2F
0-1: Swinging Strike
0-2: Strikes out swinging
Batting: RHB Mhelter Tejano 0-0: Foul Ball, location: 2F
0-1: Ball
1-1: Called Strike
1-2: Ball
2-2: Foul Ball, location: 2F
2-2: Strikes out swinging
Top of the 1st over - 0 runs, 0 hits, 0 errors, 0 left on base; Delaware 0 - Washington 0
BOTTOM OF THE 1ST
Washington Generals batting - Pitching for Delaware 1787 BC : RHP Yin-zhen Wu
Pitching: RHP Yin-zhen Wu
Batting: RHB Xavier Hutchesson 0-0: Ball
1-0: Called Strike
1-1: SINGLE (Groundball, 56D, EV 105.0 MPH)
Batting: RHB Joe Gilmore 0-0: Ball
1-0: Called Strike
1-1: Called Strike
1-2: Ball
2-2: Foul Ball, location: 2F
2-2: Ground out U3 (Groundball, 34, EV 80.6 MPH)
Xavier Hutchesson to second
Batting: LHB Cho-yun Yip 0-0: Ball
1-0: DOUBLE (Flyball, 89XD, EV 104.4 MPH)
Xavier Hutchesson scores
Batting: LHB Gabriel Gonzáles 0-0: Ground out 6-3 (Groundball, 6D, EV 111.2 MPH)
Batting: RHB Kuniyoshi Kodo 0-0: Called Strike
0-1: Ground out 3-1 (Groundball, 3S, EV 75.0 MPH)
Bottom of the 1st over - 1 run, 2 hits, 0 errors, 1 left on base; Delaware 0 - Washington 1
TOP OF THE 2ND
Delaware 1787 BC batting - Pitching for Washington Generals : RHP Joe Kelly
Batting: RHB Eduardo Lucciardi 0-0: Called Strike
0-1: Ball
1-1: Ball
2-1: Ball
3-1: Ground out 6-3 (Groundball, 6, EV 78.8 MPH)
Batting: LHB Chandler Schroeder 0-0: Ball
1-0: Ball
2-0: DOUBLE (Flyball, 78XD, EV 110.6 MPH)
Batting: RHB Justin Schock 0-0: Ball
1-0: Ball
2-0: Fly out, F8 (Flyball, 89D, EV 100.6 MPH)
Runner from 2nd tags up, SAFE at 3rd, no throw by CF
Batting: RHB Julián Zambrano 0-0: Ball
1-0: Swinging Strike
1-1: Ball
2-1: Ball
3-1: Ground out 6-3 (Groundball, 56, EV 95.0 MPH)
Top of the 2nd over - 0 runs, 1 hit, 0 errors, 1 left on base; Delaware 0 - Washington 1
BOTTOM OF THE 2ND
Washington Generals batting - Pitching for Delaware 1787 BC : RHP Yin-zhen Wu
Batting: RHB Asko Huhtamo 0-0: Ball
1-0: Called Strike
1-1: Foul Ball, location: 2F
1-2: Strikes out swinging
Batting: SHB Nathan Polkinghorne 0-0: Foul Ball, location: 2F
0-1: Ground out 6-3 (Groundball, 6M, EV 87.5 MPH)
Batting: SHB Anthony Barker 0-0: Foul Ball, location: 2F
0-1: Called Strike
0-2: Ball
1-2: Ball
2-2: Ball
3-2: Strikes out looking
Bottom of the 2nd over - 0 runs, 0 hits, 0 errors, 0 left on base; Delaware 0 - Washington 1
TOP OF THE 3RD
Delaware 1787 BC batting - Pitching for Washington Generals : RHP Joe Kelly
Batting: RHB Mike Williams 0-0: Called Strike
0-1: Ball
1-1: Foul Ball, location: 2F
1-2: Foul Ball, location: 2F
1-2: Strikes out swinging
Batting: LHB Brian Webb 0-0: Called Strike
0-1: Foul Ball, location: 2F
0-2: Strikes out swinging
Batting: LHB Jeff Booth 0-0: Ball
1-0: Called Strike
1-1: Swinging Strike
1-2: Strikes out looking
Top of the 3rd over - 0 runs, 0 hits, 0 errors, 0 left on base; Delaware 0 - Washington 1
BOTTOM OF THE 3RD
Washington Generals batting - Pitching for Delaware 1787 BC : RHP Yin-zhen Wu
Batting: RHB Paul Marchand 0-0: Swinging Strike
0-1: Ball
1-1: Foul Ball, location: 2F
1-2: Ball
2-2: Ball
3-2: Fly out, F7 (Line Drive, 7, EV 101.9 MPH)
Batting: RHB Xavier Hutchesson 0-0: Fly out, F6 (Line Drive, 6, EV 61.9 MPH)
Batting: RHB Joe Gilmore 0-0: Swinging Strike
0-1: Ball
1-1: Swinging Strike
1-2: Fly out, F7 (Flyball, 7LMF, EV 83.8 MPH)
Bottom of the 3rd over - 0 runs, 0 hits, 0 errors, 0 left on base; Delaware 0 - Washington 1
TOP OF THE 4TH
Delaware 1787 BC batting - Pitching for Washington Generals : RHP Joe Kelly
Batting: LHB Luis Concepción 0-0: SINGLE (Line Drive, 7S, EV 103.1 MPH)
Batting: RHB Mhelter Tejano 0-0: Ball
1-0: Ball
2-0: Ball
3-0: Called Strike
3-1: 2-RUN HOME RUN (Flyball, 7LD, EV 90.0 MPH), Distance : 331 ft
Batting: RHB Eduardo Lucciardi 0-0: Ground out 5-3 (Groundball, 56S, EV 65.6 MPH)
Batting: LHB Chandler Schroeder 0-0: SOLO HOME RUN (Flyball, 9D, EV 99.4 MPH) (Inside the Park)
Batting: RHB Justin Schock 0-0: Called Strike
0-1: Fly out, F9 (Flyball, 89S, EV 80.0 MPH)
Batting: RHB Julián Zambrano 0-0: Ball
1-0: Ball
2-0: Ball
3-0: Called Strike
3-1: Foul Ball, location: 2F
3-2: Foul Ball, location: 2F
3-2: Foul Ball, location: 2F
3-2: Strikes out looking
Top of the 4th over - 3 runs, 3 hits, 0 errors, 0 left on base; Delaware 3 - Washington 1
BOTTOM OF THE 4TH
Washington Generals batting - Pitching for Delaware 1787 BC : RHP Yin-zhen Wu
Batting: LHB Cho-yun Yip 0-0: Ball
1-0: Foul Ball, location: 2F
1-1: Foul Ball, location: 2F
1-2: Ball
2-2: Ball
3-2: Ground out 5-3 (Groundball, 56, EV 103.8 MPH)
Batting: LHB Gabriel Gonzáles 0-0: Ball
1-0: Foul Ball, location: 2F
1-1: Ball
2-1: Swinging Strike
2-2: Strikes out looking
Batting: RHB Kuniyoshi Kodo 0-0: SINGLE (Groundball, 6MD, EV 96.2 MPH)
Batting: RHB Asko Huhtamo 0-0: Foul Ball, location: 2F
0-1: Swinging Strike
0-2: Ball
1-2: Ball
2-2: Foul Ball, location: 2F
2-2: Strikes out swinging
Bottom of the 4th over - 0 runs, 1 hit, 0 errors, 1 left on base; Delaware 3 - Washington 1
TOP OF THE 5TH
Delaware 1787 BC batting - Pitching for Washington Generals : RHP Joe Kelly
Batting: RHB Mike Williams 0-0: Called Strike
0-1: Foul Ball, location: 2F
0-2: Foul Ball, location: 2F
0-2: Foul Ball, location: 2F
0-2: Strikes out swinging
Batting: LHB Brian Webb 0-0: Ball
1-0: Swinging Strike
1-1: Ball
2-1: Fly out, F8 (Flyball, 8RM, EV 88.1 MPH)
Batting: LHB Jeff Booth 0-0: Ball
1-0: Called Strike
1-1: Ball
2-1: Swinging Strike
2-2: Strikes out looking
Top of the 5th over - 0 runs, 0 hits, 0 errors, 0 left on base; Delaware 3 - Washington 1
BOTTOM OF THE 5TH
Washington Generals batting - Pitching for Delaware 1787 BC : RHP Yin-zhen Wu
Batting: SHB Nathan Polkinghorne 0-0: Called Strike
0-1: Ball
1-1: Called Strike
1-2: Ball
2-2: Foul Ball, location: 2F
2-2: Strikes out swinging
Batting: SHB Anthony Barker 0-0: Swinging Strike
0-1: Ball
1-1: Ball
2-1: Called Strike
2-2: Foul Ball, location: 2F
2-2: Strikes out swinging
Batting: RHB Paul Marchand 0-0: Called Strike
0-1: Ball
1-1: Foul Ball, location: 2F
1-2: Ball
2-2: Foul Ball, location: 2F
2-2: Strikes out swinging
Bottom of the 5th over - 0 runs, 0 hits, 0 errors, 0 left on base; Delaware 3 - Washington 1
TOP OF THE 6TH
Delaware 1787 BC batting - Pitching for Washington Generals : RHP Joe Kelly
Batting: LHB Luis Concepción 0-0: Ball
1-0: Foul Ball, location: 2F
1-1: Ball
2-1: Called Strike
2-2: Foul Ball, location: 2F
2-2: Strikes out swinging
Batting: RHB Mhelter Tejano 0-0: Ball
1-0: Swinging Strike
1-1: SINGLE (Groundball, 4MD, EV 95.0 MPH)
Batting: RHB Eduardo Lucciardi 0-0: SINGLE (Groundball, 34D, EV 84.4 MPH) (infield hit)
Mhelter Tejano to second
Batting: LHB Chandler Schroeder 0-0: Called Strike
0-1: Ball
1-1: Foul Ball, location: 2F
1-2: Strikes out looking
Batting: RHB Justin Schock 0-0: Ball
1-0: Called Strike
1-1: Foul Ball, location: 2F
1-2: Strikes out swinging
Top of the 6th over - 0 runs, 2 hits, 0 errors, 2 left on base; Delaware 3 - Washington 1
BOTTOM OF THE 6TH
Washington Generals batting - Pitching for Delaware 1787 BC : RHP Yin-zhen Wu
Batting: RHB Xavier Hutchesson 0-0: Ball
1-0: Foul Ball, location: 2F
1-1: Swinging Strike
1-2: Foul Ball, location: 2F
1-2: Foul Ball, location: 2F
1-2: Ball
2-2: Foul Ball, location: 2F
2-2: Ball
3-2: Base on Balls
Batting: RHB Joe Gilmore 0-0: Ball
1-0: Fly out, F9 (Line Drive, 9, EV 93.1 MPH)
Batting: LHB Cho-yun Yip 0-0: Hit by Pitch
Xavier Hutchesson to second
Batting: LHB Gabriel Gonzáles 0-0: Called Strike
0-1: Grounds into double play, 6-4-3 (Groundball, 6, EV 96.2 MPH)
Bottom of the 6th over - 0 runs, 0 hits, 0 errors, 1 left on base; Delaware 3 - Washington 1
TOP OF THE 7TH
Delaware 1787 BC batting - Pitching for Washington Generals : RHP Joe Kelly
Batting: RHB Julián Zambrano 0-0: Ball
1-0: Ball
2-0: Foul Ball, location: 2F
2-1: Ground out 6-3 (Groundball, 6, EV 105.6 MPH)
Batting: RHB Mike Williams 0-0: Fly out, F9 (Flyball, 9LM, EV 80.0 MPH)
Batting: LHB Brian Webb 0-0: Called Strike
0-1: Called Strike
0-2: Ball
1-2: Strikes out swinging
Top of the 7th over - 0 runs, 0 hits, 0 errors, 0 left on base; Delaware 3 - Washington 1
BOTTOM OF THE 7TH
Washington Generals batting - Pitching for Delaware 1787 BC : RHP Yin-zhen Wu
Batting: RHB Kuniyoshi Kodo 0-0: Ball
1-0: Called Strike
1-1: DOUBLE (Line Drive, 7LS, EV 111.9 MPH)
Batting: RHB Asko Huhtamo 0-0: Ball
1-0: Ball
2-0: Swinging Strike
2-1: Ball
3-1: Swinging Strike
3-2: Base on Balls
Pinch Runner at 2nd Mario Rangel:
Batting: SHB Nathan Polkinghorne 0-0: Sac Bunt to 3S - play at first, batter OUT! 3-1
Mario Rangel to third
Asko Huhtamo to second
Batting: SHB Anthony Barker 0-0: SINGLE (Line Drive, 89S, EV 101.9 MPH)
Mario Rangel scores
Asko Huhtamo to third
Batting: RHB Paul Marchand 0-0: Called Strike
0-1: Called Strike
0-2: Ball
1-2: Fly out, F6 (Popup, 6M, EV 72.5 MPH)
Batting: RHB Xavier Hutchesson 0-0: Called Strike
0-1: Ground out 4-3 (Groundball, 4, EV 108.1 MPH)
Bottom of the 7th over - 1 run, 2 hits, 0 errors, 2 left on base; Delaware 3 - Washington 2
TOP OF THE 8TH
Delaware 1787 BC batting - Pitching for Washington Generals : RHP Joe Kelly
Batting: LHB Jeff Booth 0-0: Ball
1-0: Foul Ball, location: 2F
1-1: Foul Ball, location: 2F
1-2: Ball
2-2: Fly out, F8 (Flyball, 89D, EV 91.2 MPH)
Pitching: RHP Louis Orioli
Batting: LHB Luis Concepción 0-0: Ball
1-0: Ball
2-0: Ball
3-0: Called Strike
3-1: Foul Ball, location: 2F
3-2: Foul Ball, location: 2F
3-2: Strikes out swinging
Batting: RHB Mhelter Tejano 0-0: Ball
1-0: Foul Ball, location: 2F
1-1: Foul Ball, location: 2F
1-2: Strikes out swinging
Top of the 8th over - 0 runs, 0 hits, 0 errors, 0 left on base; Delaware 3 - Washington 2
BOTTOM OF THE 8TH
Washington Generals batting - Pitching for Delaware 1787 BC : RHP Yin-zhen Wu
Now in RF: Steve Wheeler
Batting: RHB Joe Gilmore 0-0: Ball
1-0: Called Strike
1-1: Ball
2-1: Foul Ball, location: 2F
2-2: Strikes out swinging
Batting: LHB Cho-yun Yip 0-0: Ball
1-0: Called Strike
1-1: Ball
2-1: Fly out, F1 (Line Drive, P, EV 70.6 MPH)
Batting: LHB Gabriel Gonzáles 0-0: Foul Ball, location: 2F
0-1: Ball
1-1: SINGLE (Groundball, 4MD, EV 102.5 MPH)
Batting: RHB Mario Rangel 0-0: Swinging Strike
0-1: Ball
1-1: Foul Ball, location: 2F
1-2: Fly out, F8 (Flyball, 8RD, EV 98.8 MPH)
Bottom of the 8th over - 0 runs, 1 hit, 0 errors, 1 left on base; Delaware 3 - Washington 2
TOP OF THE 9TH
Delaware 1787 BC batting - Pitching for Washington Generals : RHP Louis Orioli
Batting: RHB Eduardo Lucciardi 0-0: Ball
1-0: Ball
2-0: Called Strike
2-1: Ball
3-1: Called Strike
3-2: Base on Balls
Batting: LHB Chandler Schroeder 0-0: Swinging Strike
0-1: Ball
1-1: Foul Ball, location: 2F
1-2: Foul Ball, location: 2F
1-2: Foul Ball, location: 2F
1-2: Strikes out looking
Batting: RHB Justin Schock 0-0: Ball
1-0: Called Strike
1-1: Ball
2-1: Ball
3-1: Foul Ball, location: 2F
3-2: Foul Ball, location: 2F
3-2: Foul Ball, location: 2F
3-2: Strikes out looking
Batting: RHB Julián Zambrano 0-0: Swinging Strike
0-1: Ball
1-1: Called Strike
1-2: Strikes out swinging
Top of the 9th over - 0 runs, 0 hits, 0 errors, 1 left on base; Delaware 3 - Washington 2
BOTTOM OF THE 9TH
Washington Generals batting - Pitching for Delaware 1787 BC : RHP Yin-zhen Wu
Pitching: LHP Francisco González
Batting: RHB Asko Huhtamo 0-0: Ball
1-0: Foul Ball, location: 2F
1-1: Called Strike
1-2: Ball
2-2: Ball
3-2: Base on Balls
Batting: SHB Nathan Polkinghorne 0-0: Bunted foul
0-1: Bunt missed!
0-2: Strikes out swinging
Pinch Hitting: RHB Irwin Taylor 0-0: Called Strike
0-1: Ball
1-1: Called Strike
1-2: Fly out, F8 (Flyball, 8RD, EV 74.4 MPH)
Batting: RHB Paul Marchand 0-0: Ball
1-0: Fly out, F8 (Flyball, 78D, EV 83.1 MPH)
Bottom of the 9th over - 0 runs, 0 hits, 0 errors, 1 left on base; Delaware 3 - Washington 2
Friday, March 26th, 2021 - OOTP Baseball 20.8 Build 74